 Dungeon Crawl Stone Soup version 0.20-a0-270-g8e735b6 (webtiles) character file.

120 Herrn the Chopper (level 4, -1/40 HPs)
             Began as a Minotaur Monk on Dec 10, 2016.
             Killed by divine providence
             ... invoked by an orc priest
              (10 damage)
             ... on level 3 of the Dungeon.
             The game lasted 00:02:41 (1494 turns).

Herrn the Chopper (Minotaur Monk)                   Turns: 1494, Time: 00:02:42

Health: -1/40      AC:  6    Str: 15    XL:     4   Next: 75%
Magic:  3/3        EV: 16    Int:  8    God:
Gold:   63         SH:  0    Dex: 18    Spells: 3/3 levels left

rFire  . . .     SeeInvis .     a - +0 hand axe
rCold  . . .     Gourm    .     f - +0 scale mail
rNeg   . . .     Faith    .     (no shield)
rPois  .         Spirit   .     (helmet restricted)
rElec  .         Reflect  .     (no cloak)
rCorr  .         Harm     .     (no gloves)
MR     .....                    (no boots)
Stlth  ++........               (no amulet)
                                (no ring)
                                (no ring)

@: agile
A: retaliatory headbutt, horns 2
a: no special abilities


You were on level 3 of the Dungeon.
You were hungry.

You visited 1 branch of the dungeon, and saw 3 of its levels.

You collected 63 gold pieces.

Inventory:

Hand Weapons
 a - a +0 hand axe (weapon)
Armour
 b - a +0 robe
 f - a +0 scale mail (worn)
Jewellery
 h - an uncursed ring of ice {unknown}
Scrolls
 d - a scroll of enchant weapon {unknown}
 e - 4 scrolls of teleportation {unknown}
 i - a scroll of remove curse {unknown}
Comestibles
 c - 4 bread rations
 k - 3 fruits
 n - a beef jerky


   Skills:
 + Level 4.2 Fighting
 * Level 5.6 Axes
 + Level 1.6 Armour
 + Level 3.7 Dodging
 - Level 1.5 Stealth


You had 3 spell levels left.
You didn't know any spells.

Dungeon Overview and Level Annotations

Branches:
Dungeon (3/15)

Altars:
Ru


Innate Abilities, Weirdness & Mutations

You reflexively headbutt those who attack you in melee.
You have a pair of horns on your head.


Message History

Unknown command.
It was a potion of lignification.
You turn into a tree.
Your +0 scale mail melds into your body.
Your roots penetrate the ground.
The orc priest barely misses you.
It was a potion of resistance.
You feel protected.
It was a potion of cancellation.
Your magical effects are unravelling.
You feel magically purged.
You feel less wooden.
Your +0 scale mail unmelds from your body.
Your resistance to elements expires.
The orc priest hits you but does no damage.
The orc closely misses you.
The orc priest begins to cast a cantrip, but forgets the words!
It was a potion of agility.
You feel agile all of a sudden.
The orc priest invokes the aid of Beogh against you.
Beogh smites you!
You die...

.. ...# ... ...# #.# ...### #.#
..... #.# o..# #.# o.. ##+#
##.### #####o##### ##...## .....#
#...@o....# ##.....## ##.#.##
#.###..##.###.......#
##....#######.###...# #.........
<..................... +.........
#.#...#######.###...#.##.........
#.##.## #.# ..## # #.....).#
#.##.# #.. ... ##.....## .....#
#### .## ##)†.## #.#### ##'##


You could see 2 orc priests, an orc wizard and an orc.

Vanquished Creatures
  An orc wizard (D:3)
  2 adders (D:2)
  3 worms (D:2)
  3 dart slugs (D:2)
  2 leopard geckos
  An orc (D:3)
  4 giant cockroaches
  5 hobgoblins
  2 jackals (D:2)
  2 ball pythons
  9 bats
  4 frilled lizards
  6 goblins
  6 kobolds
  4 rats
54 creatures vanquished.

Notes
Turn   | Place    | Note
-------+----------+-------------------------------------------
     0 | D:1      | Herrn the Minotaur Monk began the quest for the Orb.
     0 | D:1      | Reached XP level 1. HP: 19/19 MP: 0/0
   263 | D:1      | Reached skill level 4 in Axes
   329 | D:1      | Reached XP level 2. HP: 27/27 MP: 1/1
   551 | D:2      | Reached XP level 3. HP: 27/33 MP: 2/2
  1007 | D:2      | Reached skill level 5 in Axes
  1034 | D:2      | Reached skill level 1 in Armour
  1070 | D:2      | Reached XP level 4. HP: 40/40 MP: 3/3
  1243 | D:3      | Found a sacrificial altar of Ru.
  1494 | D:3      | Killed from afar by an orc priest

Vault maps used:
D:1:      minmay_arrival_hallway, hangedman_decor_points, serial_bayou_pond_c,
          glass_columns_b
D:2:      first_bread
D:3:      lemuel_doored_altar, nicolae_overflow_crystal_walls,
          nicolae_ru_great_annihilating_truth, uniq_sigmund

Skill      XL: |  1  2  3 |
---------------+----------+-----
Axes           | 4 5 |  5.6
Fighting       | 4 |  4.2
Armour         | 1 |  1.6
Dodging        | |  3.7
Stealth        | |  1.5

Action                   |  1- 3 |  4- 6 || total
-------------------------+-------+-------++-------
Melee: Hand axe          |    81 |    46 ||   127
       Headbutt          |    16 |     4 ||    20
  Use: Potion            |       |     4 ||     4
 Stab: Paralysed         |       |     1 ||     1
  Eat: Chunk             |     1 |       ||     1
Armor: Scale mail        |    28 |    15 ||    43
       Robe              |     2 |       ||     2
Dodge: Dodged            |    51 |    38 ||    89
